 Dungeon Crawl Stone Soup version 0.31-a0-609-g7bf6ffcfed (webtiles) character file.

Game seed: 16948369549954849084

53 rddays123 the Shield-Bearer (level 3, -4/33 HPs)
             Began as a Minotaur Fighter on Aug 22, 2023.
             Succumbed to Terence's poison
             ... on level 3 of the Dungeon.
             The game lasted 00:01:01 (1346 turns).

rddays123 the Shield-Bearer (Minotaur Fighter)      Turns: 1346, Time: 00:01:01

Health: -4/33      AC:  7    Str: 22    XL:     3   Next: 62%
Magic:  2/2        EV:  9    Int:  5    God:
Gold:   62         SH:  4    Dex:  9    Spells: 2/2 levels left

rFire   . . .        a - +0 war axe
rCold   . . .        c - +0 buckler
rNeg    . . .        b - +0 scale mail
rPois   .            (helmet restricted)
rElec   .            (no cloak)
rCorr   .            (no gloves)
SInv    .            (no boots)
Will    .....        (no amulet) Stlth
                     (no ring)
HPRegen 0.25/turn    (no ring)
MPRegen 0.08/turn

%: no passive effects
@: lethally poisoned (-4 -> -34)
A: horns 2, retaliatory headbutt
a: no special abilities


You were on level 3 of the Dungeon.
You visited 1 branch of the dungeon, and saw 3 of its levels.

You collected 62 gold pieces.

Inventory:

Hand Weapons
 a - a +0 war axe (weapon)
Armour
 b - a +0 scale mail (worn)
 c - a +0 buckler (worn)
Scrolls
 e - a scroll of amnesia {unknown}
 f - a scroll of blinking {unknown}
 i - a scroll of noise {unknown}
 k - a scroll of brand weapon {unknown}
Potions
 d - a potion of might
 g - a potion of berserk rage
 j - a potion of heal wounds {unknown}
 l - a potion of degeneration


   Skills:
 + Level 4.2 Fighting
 + Level 3.2 Axes
 + Level 4.2 Armour
 + Level 4.2 Shields


You had 2 spell levels left.
You didn't know any spells.
Your spell library contained the following spells:

 Spells                   Type           Power      Damage    Failure   Level
 Gell's Gravitas          Tloc           0%         N/A       99%         3
 Teleport Other           Tloc           0%         N/A       99%         3
 Dispersal                Tloc           0%         N/A       100%        6


Dungeon Overview and Level Annotations

Branches:
Dungeon (3/15)

Altars:

Annotations:
D:3 Terence


Innate Abilities, Weirdness & Mutations

You have a pair of horns on your head.
You reflexively headbutt those who attack you in melee.


Message History

As you read the scroll labelled POUFECSEALL, it crumbles to dust.
It is a scroll of identify.
g - a potion of berserk rage
As you read the scroll of identify, it crumbles to dust.
l - a potion of degeneration
There is a stone staircase leading down here.
You climb downwards.
Found a short sword and 4 gold pieces.
There is a stone staircase leading up here.
You see here a +0 short sword.
Found a whip.
You now have 62 gold pieces (gained 4).
Found a plate armour.
Terence the Incautious comes into view.
He is wielding a +0 trident of venom.
Terence shouts!
Found a stone staircase leading down.
Terence is nearby!
You block Terence's attack.
You see here a +0 whip.
Terence is nearby!
Terence is nearby!
Terence hits you with a +0 trident of venom.
You are poisoned.
You hit Terence but do no damage.
You feel very sick. Terence hits you but does no damage.
You are more poisoned.
You closely miss Terence.
You feel very sick.
Terence hits you with a +0 trident of venom.
You are more poisoned.
You closely miss Terence. Your headbutt misses Terence.
* * * LOW HITPOINT WARNING * * *
You feel extremely sick. Terence looks scornfully at you.
Terence barely misses you. You furiously retaliate!
You headbutt Terence.
Terence hits you with a +0 trident of venom.
* * * LOW HITPOINT WARNING * * *
You are more poisoned.
You die...

.. ####### ## ...
#.....##...
....#.....#...#
....#.....#.#.#
......[.......#
............####
.....>@........
..........##.###.
........@........
.....####.#...##
##.# #....# ..# #
#<)..# . ##.#.#
#.#.# #.#.# #.#.#
..#.#


You could see Terence.

Vanquished Creatures
  2 dart slugs (D:2)
  3 ball pythons
  8 endoplasms
  3 giant cockroaches
  2 goblins
  3 hobgoblins
  6 jackals (D:2)
  A bat (D:2)
  7 frilled lizards
  5 kobolds
  4 rats
44 creatures vanquished.

Notes
Turn   | Place    | Note
-------+----------+-------------------------------------------
     0 | D:1      | rddays123 the Minotaur Fighter began the quest for the Orb.
     0 | D:1      | Reached XP level 1. HP: 19/19 MP: 0/0
   121 | D:1      | Reached XP level 2. HP: 26/27 MP: 1/1
   808 | D:2      | Reached XP level 3. HP: 33/33 MP: 2/2
  1339 | D:3      | Noticed Terence
  1346 | D:3      | Succumbed to Terence's poison

Illustrated notes

Levels and vault maps discovered:
D:1:      roderic_dead_forest, layout_loops_cross, grunt_decor_one_mirror,
          feat_on_display
D:2:      layout_loops_cross
D:3:      layout_basic, serial_bayou_pond_e, uniq_terence, uniq_sigmund

Skill      XL: |  1  2 |
---------------+-------+-----
Shields        | 4 |  4.2
Armour         | 4 |  4.2
Fighting       | 4 |  4.2
Axes           | 3 |  3.2

Action                     || total
---------------------------++-------
  Melee: War axe           ||    82
         Headbutt          ||     9
    Use: Scroll            ||     2
 Armour: Scale mail        ||    31
  Dodge: Dodged            ||    33
  Block: Buckler           ||     9

Table legend: (Time is in decaauts)
 A = Elapsed time spent in this place.
 B = Non-inter-level travel time spent in this place.
 C = Inter-level travel time spent in this place.
 D = Time resting spent in this place.
 E = Time spent auto-exploring this place.
 F = Levels seen in this place.
 G = Mean time per level.
                   A        B        C        D        E       F      G
               +--------+--------+--------+--------+--------+-----+--------+
         Total |   1376 |   1337 |     39 |      0 |   1092 |   3 |  458.7 |
       Dungeon |   1376 |   1337 |     39 |      0 |   1092 |   3 |  458.7 |
               +--------+--------+--------+--------+--------+-----+--------+

Top non-repeatable levels by time:
     D:1: 702 daAuts
     D:2: 660 daAuts
     D:3: 13 daAuts
